[Event "*** Titled Tuesday Blitz"]
[Site "Chess.com"]
[Date "2020.04.28"]
[Round "3"]
[White "woodhy"]
[Black "cassoulet"]
[Result "1-0"]
[WhiteElo "2344"]
[BlackElo "2593"]
[TimeControl "180+1"]
[EndTime "10:29:17 PDT"]
[Termination "woodhy won by resignation"]

1. e4 c5 2. Nf3 Nc6 3. d4 cxd4 4. Nxd4 Nf6 5. Nc3 e6 6. Ndb5 d6 7. Bf4 e5 8. Bg5 a6 9. Bxf6 gxf6 10. Na3 b5 11.
Nd5 Bg7 12. Bd3 Be6 13. Qh5 f5 14. O-O f4 15. c3 O-O 16. Nc2 Ne7 17. Ncb4 Bxd5 18.
Nxd5 Nxd5 19. exd5 f5 20. Bxf5 h6 21. Be6+ Kh8 22.
a4 f3 23. gxf3 Rf4 24. axb5 axb5 25. Rxa8 Qxa8 26. Kh1 Qf8 27. Kg2 e4 28. fxe4 Be5 29. Kh1 Bg7 30. f3 Rxe4 31. Rg1 Rh4 32. Qg6 Qxf3+ 33.
Qg2 Rxh2+ 34. Kxh2 Be5+ 35. Kh1 Qh5+ 36. Bh3 Qf7 37.
Qe4 Qh5 38. Qg4 Qf7 39. Qc8+ Kh7 40. Bf5+ 1-0

[Event "*** Titled Tuesday Blitz"]
[Site "Chess.com"]
[Date "2020.04.28"]
[Round "3"]
[White "GMMarcinDziuba"]
[Black "pheonixking2000"]
[Result "0-1"]
[WhiteElo "2606"]
[BlackElo "2810"]
[TimeControl "180+1"]
[EndTime "10:29:18 PDT"]
[Termination "pheonixking2000 won by resignation"]

1. d4 Nf6 2. c4 e6 3. Nf3 d5 4.
Nc3 c6 5. e3 Nbd7 6. Qc2 Bd6 7.
Be2 O-O 8. b3 b6 9. O-O Bb7 10.
Bb2 Re8 11. Rad1 Qc7 12. Rfe1 Rad8 13. Bf1 a6 14. g3 e5 15. cxd5 cxd5 16. dxe5 Nxe5 17.
Nd4 Ne4 18. Rc1 Qd7 19. Nxe4 dxe4 20. Red1 Bc5 21. Bg2 Nd3 22. Rb1 Qc8 23. Qe2 a5 24.
Ba1 Ba6 25. Qh5 Re5 26. Qh4 Be7 27. Qh3 Qxh3 28. Bxh3 Red5 29. Nc6 Re8 30. Nxe7+ Rxe7 31. Rd2 f5 32. Rc2 Nc5 33. Bd4 Bd3 34. Bxc5 Bxc2 35. Bxe7 Bxb1 36. Bf1 b5 37. Kg2 Bxa2 38. b4 a4 39. g4 Bc4 40. gxf5 Bxf1+ 0-1

[Event "*** Titled Tuesday Blitz"]
[Site "Chess.com"]
[Date "2020.04.28"]
[Round "3"]
[White "Zurability"]
[Black "Alopekos"]
[Result "1-0"]
[WhiteElo "2712"]
[BlackElo "2384"]
[TimeControl "180+1"]
[EndTime "10:29:18 PDT"]
[Termination "Zurability won on time"]

1. d4 Nf6 2. c4 e6 3. Nf3 d5 4.
Nc3 c5 5. cxd5 Nxd5 6. e4 Nxc3 7.
bxc3 cxd4 8. cxd4 Bb4+ 9. Bd2 Bxd2+ 10. Qxd2 O-O 11. Bc4 b6 12. O-O Bb7 13. Rfe1 Nd7 14. Rad1 Nf6 15. Qf4 Rc8 16. Bb3 Qc7 17. Qh4 b5 18. Ng5 h6 19. Nxe6 fxe6 20. Bxe6+ Kh8 21. Bxc8 Bxc8 22. d5 Ng4 23. d6 Qc5 24. Re2 Ne5 25.
h3 Be6 26. Qe7 Rf6 27. Qc7 Nf3+ 28. gxf3 Rg6+ 29. Kf1 Bxh3+ 30. Ke1 Qb4+ 31. Red2 Rg1+ 32. Ke2 Rxd1 33. Rxd1 Qb2+ 34. Rd2 Qe5 35. Qd8+ Kh7 36. Qe7 1-0

[Event "*** Titled Tuesday Blitz"]
[Site "Chess.com"]
[Date "2020.04.28"]
[Round "3"]
[White "MarcoRiehle"]
[Black "TERMINATOR_PC"]
[Result "0-1"]
[WhiteElo "2576"]
[BlackElo "2402"]
[TimeControl "180+1"]
[EndTime "10:29:18 PDT"]
[Termination "TERMINATOR_PC won by checkmate"]

1. e4 Nf6 2. e5 Nd5 3. Nc3 e6 4. Nxd5 exd5 5. d4 d6 6. Nf3 Nc6 7. Bd3 Bg4 8. O-O Nxd4 9. Re1 Nxf3+ 10. gxf3 Be6 11. f4 g6 12. Qf3 Qd7 13. Bd2 dxe5 14. fxe5 O-O-O 15. Bg5 Be7 16. Bf6 Rhe8 17. Rad1 Bg4 18.
Qe3 d4 19. Qf4 Bxd1 20. Rxd1 Bxf6 21. exf6 Qd6 22. Qg4+ Kb8 23. Bf1 Qxf6 24. Bg2 h5 25. Qg3 Rd6 26. h3 Rde6 27. Rd3 Re1+ 28. Kh2 Qe5 29. f4 Qd6 30. c3 R1e3 31. Rxe3 Rxe3 32. Qg5 d3 33. Qb5 c6 34. Qb3 Qxf4+ 35. Kg1 Re1+ 36.
Bf1 Rxf1+ 37. Kg2 Qf2# 0-1

[Event "*** Titled Tuesday Blitz"]
[Site "Chess.com"]
[Date "2020.04.28"]
[Round "3"]
[White "fabianvivasz"]
[Black "Aygehovit1992"]
[Result "0-1"]
[WhiteElo "2415"]
[BlackElo "2674"]
[TimeControl "180+1"]
[EndTime "10:29:19 PDT"]
[Termination "Aygehovit1992 won on time"]

1. e4 c5 2. Nf3 d6 3. d4 cxd4 4.
Nxd4 Nf6 5. Nc3 Nc6 6. Bg5 Bd7 7. Bxf6 gxf6 8. Bc4 Rc8 9. Qh5 Ne5 10. Bb3 Qb6 11.
O-O-O Qa5 12. Bxf7+ Kd8 13. f4 Bg4 14. Ne6+ Kd7 15.
Rd5 Bxh5 16. Rxa5 Bxf7 17. Nxf8+ Rhxf8 18. fxe5 fxe5 19. Rxa7 Kc6 20. Nd5 Bxd5 21. exd5+ Kxd5 22. Rxb7 Ke6 23. Rd1 Rf2 24. Rd2 Rcf8 25. a4 e4 26.
Rb4 d5 27. Rxf2 Rxf2 28. a5 Rxg2 29. a6 Rg1+ 30. Kd2 Ra1 31. Rb6+ Ke5 32. c3 Kf4 33.
Ke2 h5 34. Re6 Ra2 35. Ke1 Rxb2 36. Rxe7 Ra2 37. a7 Ke3 38. Kd1 Kd3 39. Kc1 e3 40.
Kb1 Ra6 41. Kb2 e2 42. Kb3 Rxa7 0-1

[Event "*** Titled Tuesday Blitz"]
[Site "Chess.com"]
[Date "2020.04.28"]
[Round "3"]
[White "dlp300"]
[Black "gui_borba"]
[Result "0-1"]
[WhiteElo "2536"]
[BlackElo "2366"]
[TimeControl "180+1"]
[EndTime "10:29:19 PDT"]
[Termination "gui_borba won on time"]

1. e4 c6 2. f3 d5 3. d4 dxe4 4. fxe4 e5 5. Nf3 exd4 6. Bc4 Be6 7. Bxe6 fxe6 8. O-O Bc5 9. Ng5 Nf6 10. e5 d3+ 11.
Kh1 Nd5 12. Nxe6 Qe7 13. Nxc5 Qxc5 14. cxd3 Nd7 15. Bg5 Ne3 16. Bxe3 Qxe3 17. Nc3 O-O-O 18. Re1 Qd4 19. Re4 Qb6 20. Qe2 Nc5 21. Re3 Ne6 22. Re1 Rhf8 23. h3 Rf4 24. Re4 Rdf8 25. Qd2 Rf1+ 26. Rxf1 Rxf1+ 27. Kh2 Qg1+ 28. Kg3 g5 29. d4 Nf4 30. d5 cxd5 31. Rd4 h5 32. h4 Re1 33.
Nxd5 Ne2+ 34. Kh3 g4+ 35. Rxg4 hxg4+ 36. Kxg4 Qxg2+ 37. Kf5 Ng3+ 0-1

[Event "*** Titled Tuesday Blitz"]
[Site "Chess.com"]
[Date "2020.04.28"]
[Round "3"]
[White "leoduarte"]
[Black "tsvet2005"]
[Result "0-1"]
[WhiteElo "2255"]
[BlackElo "2514"]
[TimeControl "180+1"]
[EndTime "10:29:19 PDT"]
[Termination "tsvet2005 won on time"]

1. e4 c5 2. Nf3 d6 3. d4 cxd4 4. Nxd4 Nf6 5. Nc3 a6 6. Be2 e5 7. Nb3 Be7 8. O-O O-O 9. Be3 Be6 10. Qd3 Nbd7 11. Nd5 Bxd5 12. exd5 Ne8 13. Bg4 g6 14. Bxd7 Qxd7 15. c4 f5 16. f3 Rc8 17. Rac1 Nf6 18.
Rfd1 Qa4 19. c5 e4 20. Qd2 exf3 21. gxf3 Qxa2 22. Qb4 dxc5 23. Qxb7 Bd6 24. Nxc5 Rb8 25. Qc6 Bxh2+ 26. Kh1 Qxb2 27. Qe6+ Kg7 28. Bd4 Qa2 29. Nd7 Rbe8 30. Bxf6+ Kh6 0-1

[Event "*** Titled Tuesday Blitz"]
[Site "Chess.com"]
[Date "2020.04.28"]
[Round "3"]
[White "davidkalashian"]
[Black "Dynamikus"]
[Result "0-1"]
[WhiteElo "2553"]
[BlackElo "2765"]
[TimeControl "180+1"]
[EndTime "10:29:20 PDT"]
[Termination "Dynamikus won by resignation"]

1. e4 c5 2. Nc3 d6 3. Nf3 Nf6 4. e5 dxe5 5. Nxe5 Qc7 6. Nc4 Nc6 7. g3 Bg4 8. Be2 Bh3 9. d3 Nd4 10. Be3 Qc6 11. f3 Bg2 12. Rg1 Nxf3+ 13. Bxf3 Bxf3 14. Qd2 Bh5 15. h3 e6 16. g4 Bg6 17. O-O-O Bd6 18.
Qf2 b6 19. Bg5 Nd5 20. Ne4 Bc7 21. Rgf1 O-O 22. h4 h6 23. Bd2 f5 24. gxf5 exf5 25. Nc3 f4 26. Rg1 Rad8 27. Rde1 Rf7 28. Qf3 Bf5 29. h5 Nb4 30. Qf2 Kh7 31. Ne5 Bxe5 32. Rxe5 Bxd3 33. Bxf4 Bxc2 34. Qg3 Nd3+ 35. Kxc2 Nxf4 36.
Ne4 Rd4 37. Nc3 Qf6 38. Kb1 Qxe5 39. Qg4 Qf5+ 40. Qxf5+ Rxf5 0-1

[Event "*** Titled Tuesday Blitz"]
[Site "Chess.com"]
[Date "2020.04.28"]
[Round "3"]
[White "DenishevM"]
[Black "VinzentSpitzl"]
[Result "0-1"]
[WhiteElo "2557"]
[BlackElo "2387"]
[TimeControl "180+1"]
[EndTime "10:29:20 PDT"]
[Termination "VinzentSpitzl won by resignation"]

1. d4 d5 2. c4 e6 3. Nf3 Nf6 4.
g3 Bb4+ 5. Bd2 Be7 6. Bg2 O-O 7. O-O Nbd7 8. Bf4 Ne4 9. Nbd2 g5 10. Be3 Nd6 11. cxd5 exd5 12. Nb1 c6 13. Nc3 b6 14.
Ne5 Nxe5 15. dxe5 Nc4 16. Bc1 Nxe5 17. b3 Be6 18. Bb2 d4 19. Nb1 c5 20. Bxa8 Qxa8 21.
f3 f5 22. Nd2 Bf6 23. Nc4 Nxc4 24. bxc4 Bxc4 25. Qc2 Be6 26. Rae1 c4 27. Rd1 Rd8 28. Qc1 c3 29. Ba3 Bc4 30. Rf2 Qd5 31. e4 dxe3 32. Rxd5 exf2+ 33. Kxf2 Rxd5 34. Kg2 Rd2+ 35. Kh3 f4 36. g4 Rf2 37. Qd1 Bf1+ 0-1

[Event "*** Titled Tuesday Blitz"]
[Site "Chess.com"]
[Date "2020.04.28"]
[Round "3"]
[White "ItsCheckM8Mate"]
[Black "Titus369"]
[Result "0-1"]
[WhiteElo "2256"]
[BlackElo "2512"]
[TimeControl "180+1"]
[EndTime "10:29:20 PDT"]
[Termination "Titus369 won on time"]

1. e4 c5 2. Nf3 d6 3. d4 cxd4 4.
Nxd4 Nf6 5. Nc3 a6 6. h3 e6 7. g4 Be7 8. g5 Nfd7 9. Be3 b5 10. Bg2 Bb7 11. a3 Ne5 12. O-O Nbc6 13. Nxc6 Bxc6 14. b3 Rc8 15. f4 Nd7 16. Ne2 Nc5 17. Ng3 d5 18. f5 Nxe4 19. fxe6 Nxg3 20. Rxf7 Qd6 21.
Qg4 Qe5 22. Re1 Ne4 23. Bf4 Qd4+ 24. Kh2 g6 25. Rf1 Qc5 26. Be5 Bd6 27. Qf4 Bxe5 28. Qxe5 Qd6 29. Qxd6 Nxd6 30. Ra7 Rf8 31. Rxf8+ Kxf8 32. Rxa6 Ke7 33. Ra7+ Nb7 34. Rxb7+ Bxb7 0-1

[Event "*** Titled Tuesday Blitz"]
[Site "Chess.com"]
[Date "2020.04.28"]
[Round "3"]
[White "SergioGarciaFuentes"]
[Black "GiorgianBarbosa"]
[Result "1/2-1/2"]
[WhiteElo "2073"]
[BlackElo "2297"]
[TimeControl "180+1"]
[EndTime "10:29:20 PDT"]
[Termination "Game drawn by repetition"]

1. Nf3 Nf6 2. g3 g6 3. b3 Bg7 4. Bb2 O-O 5. Bg2 d5 6. c4 c5 7. cxd5 Qxd5 8. O-O Nc6 9. Nc3 Qd7 10. Na4 Qf5 11.
Qc1 b6 12. d4 Ne4 13. dxc5 b5 14. Bxg7 Kxg7 15. Nc3 Nxc5 16. Nxb5 Bb7 17. Qc3+ f6 18.
Nfd4 Nxd4 19. Nxd4 Qe5 20. Qxc5 Bxg2 21. Qxe5 fxe5 22.
Ne6+ Kf7 23. Nxf8 Bxf1 24. Kxf1 Kxf8 25. Rc1 Rd8 26. Ke1 Rd6 27. Rc7 a6 28. Ra7 Kf7 29.
e3 Rc6 30. Kd2 e4 31. Rd7 Kf6 32. Rd4 Kf5 33. Ra4 h5 34. Ra5+ Kg4 35. Re5 Kf3 36. Rxe7 Rd6+ 37. Kc2 Rc6+ 38. Kd2 Rd6+ 39. Kc2 Rc6+ 40.
Kd2 1/2-1/2

[Event "*** Titled Tuesday Blitz"]
[Site "Chess.com"]
[Date "2020.04.28"]
[Round "3"]
[White "GMartin_Petrov"]
[Black "GeorgMeier"]
[Result "1/2-1/2"]
[WhiteElo "2677"]
[BlackElo "3015"]
[TimeControl "180+1"]
[EndTime "10:29:21 PDT"]
[Termination "Game drawn by repetition"]

1. e4 c5 2. Nf3 d6 3. d4 cxd4 4. Nxd4 Nf6 5. Nc3 a6 6. Be3 e6 7.
f3 b5 8. Qd2 Bb7 9. g4 Nc6 10.
O-O-O Be7 11. g5 Nd7 12. h4 Rc8 13. Kb1 Nce5 14. f4 Nc4 15. Bxc4 Rxc4 16. a3 Nc5 17. b3 Rxc3 18. Qxc3 Nxe4 19. Qe1 Qc7 20. Kb2 O-O 21.
h5 Rc8 22. Rh2 e5 23. Nf5 Bf8 24. g6 fxg6 25. hxg6 hxg6 26. Nh4 exf4 27. Bd4 Qf7 28. Nf3 g5 29. Qh1 Qf5 30. Rh8+ Kf7 31. Qh5+ Qg6 32.
Qg4 Re8 33. Qd7+ Re7 34. Qd8 Re8 35. Qd7+ Re7 36. Qd8 Re8 37. Qd7+ 1/2-1/2

[Event "*** Titled Tuesday Blitz"]
[Site "Chess.com"]
[Date "2020.04.28"]
[Round "3"]
[White "Vesper2018"]
[Black "AtabayevSaparmyrat"]
[Result "1-0"]
[WhiteElo "2072"]
[BlackElo "2673"]
[TimeControl "180+1"]
[EndTime "10:29:21 PDT"]
[Termination "Vesper2018 won on time"]

1. e4 e5 2. Nf3 Nc6 3. Bb5 a6 4. Ba4 Nf6 5. O-O Bc5 6. c3 b5 7. Bb3 d6 8. a4 Bg4 9. h3 Bh5 10. d3 O-O 11. Bg5 h6 12. Bxf6 Qxf6 13. Bd5 Ne7 14.
Bxa8 Rxa8 15. g4 Bg6 16. axb5 h5 17. Nbd2 Qf4 18. d4 hxg4 19. hxg4 Qxg4+ 20. Kh1 exd4 21.
cxd4 Qh3+ 22. Nh2 Bxd4 23. Qf3 Qh6 24. Qd3 Bxb2 25. Ra2 Be5 26. Nf3 a5 27. Nxe5 dxe5 28. Qd7 Bxe4+ 29. f3 Bd5 30. Rg2 Qd6 31. Qg4 g6 32.
Rd1 a4 33. Qg5 1-0

[Event "*** Titled Tuesday Blitz"]
[Site "Chess.com"]
[Date "2020.04.28"]
[Round "3"]
[White "yoolund"]
[Black "tigra"]
[Result "0-1"]
[WhiteElo "2540"]
[BlackElo "2775"]
[TimeControl "180+1"]
[EndTime "10:29:21 PDT"]
[Termination "tigra won on time"]

1. d4 Nf6 2. Bg5 g6 3. Bxf6 exf6 4. c4 f5 5. e3 c6 6. Nc3 d6 7. g3 Nd7 8. Bg2 Nf6 9. Nge2 Be6 10. Qd3 d5 11.
cxd5 cxd5 12. Nf4 a6 13. O-O Rc8 14. Rac1 Rc6 15. Rc2 g5 16. Nxe6 fxe6 17. Rfc1 h5 18. Na4 Rxc2 19. Qxc2 Rh7 20. Qc8 Re7 21. Nb6 Qxc8 22.
Rxc8+ Kf7 23. b4 Re8 24. Rc7+ Re7 25. Rc8 g4 26. a4 h4 27. b5 axb5 28. axb5 h3 29.
Bf1 Ne4 30. Na4 Bg7 31. Be2 e5 32. dxe5 Bxe5 33. Nc5 Nd6 34. Ra8 d4 35. Nd3 dxe3 36.
fxe3 Bc3 37. Kf2 Bd2 38. Kf1 Bxe3 39. Nb4 Ne4 0-1

[Event "*** Titled Tuesday Blitz"]
[Site "Chess.com"]
[Date "2020.04.28"]
[Round "3"]
[White "JosefineHeinemann"]
[Black "Playgood28"]
[Result "1-0"]
[WhiteElo "2428"]
[BlackElo "2226"]
[TimeControl "180+1"]
[EndTime "10:29:21 PDT"]
[Termination "JosefineHeinemann won on time"]

1. e4 e5 2. Nf3 d6 3. d4 exd4 4. Nxd4 Nf6 5. Nc3 Be7 6. g3 d5 7.
e5 Ng4 8. Bg2 Nxe5 9. Qe2 Nec6 10.
Be3 O-O 11. Nxd5 Bd6 12. O-O Nxd4 13. Bxd4 Nc6 14. Bc3 Re8 15. Qd2 Be6 16. Rad1 Rb8 17. Rfe1 Bxd5 18. Bxd5 Rxe1+ 19. Rxe1 Qd7 20. Qg5 Bf8 21.
h4 Re8 22. Rd1 h6 23. Qf4 Bd6 24. Qd2 Ne5 25. Bg2 Qf5 26. Qd5 Qg4 27. Qxb7 Qxd1+ 28. Kh2 Qg4 29. Qb5 Nf3+ 30. Bxf3 Qxf3 31. Qxe8+ Kh7 32. Qe1 g5 33. hxg5 hxg5 34. Qd2 g4 35. Qd3+ Kg8 36. Qxf3 gxf3 37. Kh3 f5 38. Bd4 Kf7 39. Kh4 a6 40. Kg5 Ke6 41. g4 fxg4 42. Kxg4 Kd5 43. Be3 Ke4 44.
b3 c6 45. a4 1-0

[Event "*** Titled Tuesday Blitz"]
[Site "Chess.com"]
[Date "2020.04.28"]
[Round "3"]
[White "LionTheLeon_06"]
[Black "sergoy"]
[Result "1-0"]
[WhiteElo "2651"]
[BlackElo "2856"]
[TimeControl "180+1"]
[EndTime "10:29:22 PDT"]
[Termination "LionTheLeon_06 won by resignation"]

1. Nf3 Nf6 2. g3 d5 3. Bg2 Bf5 4. d3 e6 5. O-O h6 6. c4 c6 7.
cxd5 exd5 8. Nc3 d4 9. e4 dxe3 10. Bxe3 Be7 11. Nd4 Bg6 12. Qb3 Qd7 13. Nf3 Bd6 14.
d4 O-O 15. Ne5 Bxe5 16. dxe5 Ng4 17. Bc5 Re8 18. Rad1 Qc8 19. f4 Na6 20. Bd4 h5 21.
h3 Nh6 22. Bf2 Bf5 23. Kh2 Nc7 24. Rd2 Ne6 25. Qd1 Bg6 26. Ne4 Bxe4 27. Bxe4 h4 28.
Qh5 hxg3+ 29. Bxg3 Nc5 30. Bc2 Qe6 31. f5 Qc4 32. Rf4 Qb5 33. f6 Rad8 34. Rdf2 Ne6 35. Rg4 Qc5 36. Rxg7+ Nxg7 37. Qxh6 1-0

[Event "*** Titled Tuesday Blitz"]
[Site "Chess.com"]
[Date "2020.04.28"]
[Round "3"]
[White "Firehand33"]
[Black "SoltaniciR"]
[Result "0-1"]
[WhiteElo "2729"]
[BlackElo "2583"]
[TimeControl "180+1"]
[EndTime "10:29:22 PDT"]
[Termination "SoltaniciR won by checkmate"]

1. g3 c5 2. Bg2 Nc6 3. c4 g6 4. Nc3 Bg7 5. b3 e6 6. Bb2 Nge7 7. e3 d5 8. Nge2 O-O 9. O-O d4 10. Na4 b6 11. exd4 cxd4 12. d3 Rb8 13. a3 a5 14. Bc1 b5 15. Nc5 Qb6 16. Ne4 bxc4 17. bxc4 e5 18. Nd6 Be6 19. Nb5 f5 20. Bd2 e4 21.
Nf4 Bf7 22. Qe2 Ne5 23. Rfc1 Kh8 24. dxe4 d3 25. Nxd3 Bxc4 26. Rxc4 Nxc4 27. Rb1 fxe4 28. Bxe4 Nxd2 29. Qxd2 Rbd8 30. Qe1 Nf5 31. Bxf5 Rxf5 32. Nc3 Qd4 33. Nf4 Qxc3 34. Qe7 Qf6 35. Qa7 Rxf4 36. gxf4 Qxf4 37. Rb7 Rd1+ 38. Kg2 Qg4# 0-1

[Event "*** Titled Tuesday Blitz"]
[Site "Chess.com"]
[Date "2020.04.28"]
[Round "3"]
[White "ChessWarrior7197"]
[Black "InitiatingASC"]
[Result "1-0"]
[WhiteElo "2851"]
[BlackElo "2461"]
[TimeControl "180+1"]
[EndTime "10:29:22 PDT"]
[Termination "ChessWarrior7197 won by resignation"]

1. c4 e6 2. d4 d5 3. Nc3 c5 4. cxd5 exd5 5. Nf3 Nc6 6. g3 Nf6 7.
Bg2 Be7 8. O-O O-O 9. b3 Be6 10.
Bb2 Ne4 11. dxc5 Bxc5 12. Rc1 Be7 13. Nb5 Qa5 14. a4 Rad8 15. Nbd4 Qa6 16. Nxc6 bxc6 17.
Nd4 Bd7 18. Nf3 Bf6 19. Bxf6 Nxf6 20. e3 Rb8 21. Nd4 Rfc8 22. Rc5 Rb6 23. Qc2 Qb7 24. Rc1 h6 25. h3 Ne4 26. Bxe4 dxe4 27. Kh2 Re8 28. Qe2 Rb4 29. R1c3 Be6 30. Rxc6 Bxb3 31. Rc7 Qb6 32. Qh5 Ba2 33. Rc8 Rxc8 34. Rxc8+ Kh7 35.
Qf5+ Qg6 36. Qf4 Rxa4 37. h4 Be6 38. Rc6 Qg4 39. Nxe6 Qxf4 40. Nxf4 Ra2 41. Kg2 a5 42. Ra6 a4 43. Nd5 a3 44. Nc3 Rc2 45. Rxa3 f5 46.
Nb5 g6 47. Nd4 Rc7 48. h5 Rd7 49. hxg6+ Kxg6 50. Ra6+ Kg5 51. Ne6+ Kf6 52. Nf8+ 1-0

[Event "*** Titled Tuesday Blitz"]
[Site "Chess.com"]
[Date "2020.04.28"]
[Round "3"]
[White "FedaMaster"]
[Black "jlandaw"]
[Result "0-1"]
[WhiteElo "2578"]
[BlackElo "2406"]
[TimeControl "180+1"]
[EndTime "10:29:22 PDT"]
[Termination "jlandaw won on time"]

1. e4 e5 2. Nf3 Nc6 3. Bb5 a6 4. Bxc6 dxc6 5. O-O Qf6 6. d4 exd4 7. Bg5 Qg6 8. Qxd4 Bg4 9. Qe5+ Ne7 10. Bxe7 Bxe7 11.
Nbd2 Bh3 12. Qg3 Qxg3 13. hxg3 Be6 14. Nd4 Bd7 15. Rad1 h5 16. N2b3 h4 17. gxh4 Rxh4 18. Rfe1 O-O-O 19. Nf3 Rh5 20. Kf1 Rdh8 21. Ke2 Be6 22.
Nbd2 g5 23. Nd4 Bg4+ 24. f3 Bd7 25. N2b3 g4 26. Rf1 Rh2 27. Rg1 gxf3+ 28. Nxf3 Bg4 29. Nd2 Bc5 30. Kd3 Bxg1 31. Rxg1 R2h5 32. Rf1 Rd8+ 33.
Ke3 Be6 34. Nb1 Bxa2 35. Nc3 Be6 0-1

[Event "*** Titled Tuesday Blitz"]
[Site "Chess.com"]
[Date "2020.04.28"]
[Round "3"]
[White "crywolf1986"]
[Black "DanielTitichoca"]
[Result "1/2-1/2"]
[WhiteElo "2531"]
[BlackElo "2321"]
[TimeControl "180+1"]
[EndTime "10:29:23 PDT"]
[Termination "Game drawn by repetition"]

1. d4 Nf6 2. Nf3 g6 3. c4 Bg7 4.
g3 O-O 5. Bg2 d6 6. O-O Ne4 7. Nbd2 Nxd2 8. Bxd2 Nc6 9. Bc3 e5 10.
dxe5 dxe5 11. e3 Be6 12. Nd2 Qc8 13. Qe2 Bh3 14. Rad1 Bxg2 15. Kxg2 Rd8 16. Nb3 b6 17. Qf3 Qe6 18. c5 a5 19. cxb6 cxb6 20. Rxd8+ Rxd8 21. Rd1 Rxd1 22. Qxd1 e4 23. Bxg7 Kxg7 24. Qc2 Nb4 25. Qc3+ Qf6 26. a3 Nd5 27. Qd4 a4 28. Qxd5 Qf3+ 29. Kg1 axb3 30. Qxb3 h5 31. Qc3+ f6 32. Qd2 h4 33. Qd7+ Kh6 34. gxh4 f5 35. Qd8 Qg4+ 36. Kf1 Qh3+ 37. Ke2 Qf3+ 38. Ke1 Qh1+ 39.
Kd2 Qxh2 40. Qg5+ Kh7 41. Qf4 Qg2 42. a4 Qf1 43. h5 Qd3+ 44. Kc1 Qc4+ 45. Kb1 Qd3+ 46.
Ka2 Qc4+ 47. Ka3 Qc5+ 48. Kb3 Qd5+ 49. Kc2 Qd3+ 50. Kc1 Qf1+ 51. Kc2 Qd3+ 52. Kc1 1/2-1/2

[Event "*** Titled Tuesday Blitz"]
[Site "Chess.com"]
[Date "2020.04.28"]
[Round "3"]
[White "NemtsevIgor"]
[Black "Gandrade2"]
[Result "1-0"]
[WhiteElo "2359"]
[BlackElo "1979"]
[TimeControl "180+1"]
[EndTime "10:29:23 PDT"]
[Termination "NemtsevIgor won on time"]

1. d4 d5 2. Bf4 Nf6 3. e3 c5 4. c3 Nc6 5. Nd2 Bf5 6. Qb3 Qd7 7. Ngf3 c4 8. Qd1 e6 9. Nh4 Bg6 10. Nxg6 hxg6 11. e4 Be7 12. Be2 Rc8 13. Bf3 O-O 14. e5 Ne8 15. h4 f6 16. exf6 Bxf6 17. Bg5 e5 18. Bg4 Qc7 19. Bxc8 Qxc8 20. Bxf6 Rxf6 21. dxe5 Nxe5 22. O-O Nd3 23. Nf3 Qg4 24. b3 Nd6 25. Rb1 b6 26. bxc4 dxc4 27. a4 Ne4 28. Qe2 Nxc3 29.
Qe8+ Rf8 30. Qc6 Nxb1 31. Rxb1 Nf4 32. Qxc4+ Kh7 33. Ng5+ Kh6 34. Qe4 Nh3+ 35. Kh2 Qxe4 36. Nxe4 Nf4 37. f3 Rf7 38. Rc1 Nd3 39. Rc6 Nf4 40. Ng5 Rf6 41. Rc8 1-0

[Event "*** Titled Tuesday Blitz"]
[Site "Chess.com"]
[Date "2020.04.28"]
[Round "3"]
[White "NiranjanNavalgund"]
[Black "Oneofmyturns"]
[Result "1-0"]
[WhiteElo "2475"]
[BlackElo "2660"]
[TimeControl "180+1"]
[EndTime "10:29:24 PDT"]
[Termination "NiranjanNavalgund won on time"]

1. Nf3 d5 2. d4 Nf6 3. c4 e6 4. g3 dxc4 5. Bg2 c5 6. O-O Nc6 7. dxc5 Qxd1 8. Rxd1 Bxc5 9. Nbd2 c3 10. bxc3 O-O 11.
Nb3 Be7 12. Nfd4 Bd7 13. Nb5 Rfd8 14. Bf4 e5 15. Bg5 h6 16. Bxf6 Bxf6 17. Nc5 Be8 18.
Nxb7 Rxd1+ 19. Rxd1 Rb8 20. N7d6 Na5 21. Nxe8 Rxe8 22.
Nxa7 e4 23. Nb5 Nc4 24. a4 g6 25. Rd7 Ra8 26. Bxe4 Rxa4 27. Bd5 Ne5 28. Rb7 Ra2 29. f4 Ra1+ 30. Kg2 Ng4 31. Bxf7+ Kh8 32. Bxg6 Ne3+ 33. Kf3 Nd5 34. e4 Nxc3 35. e5 Nxb5 36. Rxb5 Kg7 37. Bh5 Ra3+ 38. Kg4 Be7 39. Rb7 Kf8 40. Kf5 Ra6 41.
h4 Ra3 42. g4 Bxh4 43. Rb6 Bg3 44. Rxh6 Ra4 45. Rf6+ Kg7 46. Kg5 Ra7 47. Rg6+ Kh7 48. Rc6 Ra4 49. Rc7+ Kg8 50. Rc8+ Kg7 51. Rc7+ Kg8 52.
Rf7 Ra5 53. Rf5 Ra6 54. Bf7+ Kg7 55. Bh5 Ra4 56. Rf7+ Kg8 57. e6 Re4 58. f5 Bf2 59. Kg6 Bd4 60. Rd7 Bb6 61. Rb7 1-0

[Event "*** Titled Tuesday Blitz"]
[Site "Chess.com"]
[Date "2020.04.28"]
[Round "3"]
[White "Mr_Sinigami"]
[Black "Mimsychess"]
[Result "1-0"]
[WhiteElo "2542"]
[BlackElo "2329"]
[TimeControl "180+1"]
[EndTime "10:29:24 PDT"]
[Termination "Mr_Sinigami won by resignation"]

1. Nf3 c5 2. c4 Nc6 3. Nc3 g6 4. e3 Bg7 5. d4 d6 6. Be2 Bg4 7. d5 Na5 8. Qa4+ Bd7 9. Qc2 a6 10. O-O Nf6 11. e4 b5 12. cxb5 axb5 13. Nxb5 O-O 14. h3 Qb6 15. Nc3 Rfb8 16. Rb1 Ne8 17. Bf4 Nc7 18. Rfc1 Nb5 19. Nxb5 Bxb5 20. Bxb5 Qxb5 21. b3 Qb4 22. Bg5 Rb7 23. e5 Rba7 24. Re1 dxe5 25. Nxe5 Bxe5 26. Rxe5 f6 27. Re4 Qb7 28.
Be3 Qxd5 29. Bxc5 Rc7 30. b4 Nb7 31. Rd1 Rxa2 32. Qb1 Rd2 33. Rxd2 Qxd2 34. Rxe7 Rxe7 35. Bxe7 Kf7 36. Bc5 Nxc5 37. bxc5 Qc3 38. Qb7+ Kf8 39. Qb8+ Kg7 40. Qc7+ Kg8 41. Kh2 Kf8 42. Qd8+ Kf7 43. Qd7+ Kf8 44. Qd6+ Kf7 45. c6 g5 46. c7 h5 47.
Qd7+ Kg6 48. Qe8+ Kf5 49. c8=Q+ 1-0

[Event "*** Titled Tuesday Blitz"]
[Site "Chess.com"]
[Date "2020.04.28"]
[Round "3"]
[White "bmt011"]
[Black "LucaBrasi1968"]
[Result "0-1"]
[WhiteElo "2026"]
[BlackElo "2478"]
[TimeControl "180+1"]
[EndTime "10:29:24 PDT"]
[Termination "LucaBrasi1968 won on time"]

1. d4 f5 2. Bf4 Nf6 3. e3 e6 4.
Nf3 Be7 5. c4 O-O 6. h3 d6 7.
Nc3 Qe8 8. Be2 Nc6 9. c5 Bd7 10. Nb5 Qb8 11. cxd6 cxd6 12. Bg5 a6 13. Nc3 Nb4 14.
Bc4 d5 15. Be2 Qe8 16. O-O Nc6 17. Bf4 Rc8 18. Rc1 b5 19. Ne5 Nxe5 20. Bxe5 b4 21.
Nb1 Bb5 22. Bxb5 Qxb5 23. Qd2 Ne4 24. Qe1 a5 25. f3 Nd6 26. Qg3 Ne8 27. e4 Rxc1 28.
Rxc1 fxe4 29. fxe4 Nf6 30. Rf1 Qe2 31. Bd6 Nxe4 32.
Rxf8+ Bxf8 33. Bxf8 Nxg3 34. Kh2 Ne4 0-1

[Event "*** Titled Tuesday Blitz"]
[Site "Chess.com"]
[Date "2020.04.28"]
[Round "3"]
[White "KaterinaMiroshnik"]
[Black "goofypenguin96"]
[Result "1-0"]
[WhiteElo "2400"]
[BlackElo "2159"]
[TimeControl "180+1"]
[EndTime "10:29:24 PDT"]
[Termination "KaterinaMiroshnik won by checkmate"]

1. d4 c6 2. c4 d5 3. e3 Nf6 4. Nf3 Bf5 5. Bd3 Bxd3 6. Qxd3 e6 7. O-O Bd6 8. Nc3 Nbd7 9. e4 dxe4 10. Nxe4 Nxe4 11.
Qxe4 Nf6 12. Qe2 O-O 13. b3 c5 14. Bb2 Qe7 15. Rad1 Rfd8 16. dxc5 Bxc5 17. Ne5 Rxd1 18. Rxd1 Rd8 19. h3 h6 20. Rd2 Bb4 21. Rxd8+ Qxd8 22. Qd3 Qxd3 23. Nxd3 Bd6 24. Bd4 a6 25. b4 Nd7 26.
Kf1 e5 27. Bc3 f5 28. Ke2 Kf7 29. c5 Bc7 30. Nb2 Ke6 31. Nc4 g5 32. f3 h5 33.
Bd2 g4 34. hxg4 fxg4 35. fxg4 hxg4 36. Kd3 Nf6 37. Ne3 e4+ 38. Kc4 Bf4 39. a4 Bxe3 40. Bxe3 Nd5 41. Bd4 Nf4 42. g3 Ne2 43. Bf2 Ke5 44. b5 axb5+ 45. axb5 e3 46. Be1 Ke4 47. c6 bxc6 48. b6 Nd4 49. b7 Nc2 50. b8=Q Nxe1 51. Qf4# 1-0

[Event "*** Titled Tuesday Blitz"]
[Site "Chess.com"]
[Date "2020.04.28"]
[Round "3"]
[White "tteshan"]
[Black "TomasKapitanchuk"]
[Result "1-0"]
[WhiteElo "2245"]
[BlackElo "2443"]
[TimeControl "180+1"]
[EndTime "10:29:24 PDT"]
[Termination "tteshan won on time"]

1. d4 Nf6 2. c4 c5 3. d5 e6 4. Nc3 exd5 5. cxd5 d6 6. e4 g6 7. Nf3 Bg7 8. Bd3 a6 9. a4 Bg4 10. O-O O-O 11. h3 Bxf3 12. Qxf3 Nbd7 13. Bf4 Qe7 14. Rfe1 Nh5 15. Bh2 Be5 16. Bc2 Bxh2+ 17. Kxh2 Ne5 18. Qe2 Rae8 19. g3 Nd7 20. Qg4 Qf6 21.
f4 Ne5 22. Qe2 Nxf4 23. gxf4 Qxf4+ 24. Kh1 Qh4 25. Qg2 Nc4 26. b3 Ne5 27. Re3 g5 28. Rg1 h6 29. Ne2 Ng6 30. Ng3 Nf4 31. Qh2 Nxh3 32.
Nf5 Nf2+ 33. Kg2 Qxh2+ 34. Kxh2 Kh7 35. Kg2 Ng4 36. Rg3 1-0